 Dungeon Crawl Stone Soup version 0.29.0-11-gd7f09526c8 (webtiles) character file.

Game seed: 7015606802010772357

21 quinnr the Conjurer (level 2, -4/16 HPs)
             Began as a Tengu Conjurer on Sept 3, 2022.
             Slain by a quokka (5 damage)
             ... on level 2 of the Dungeon.
             The game lasted 00:02:03 (1417 turns).

quinnr the Conjurer (Tengu Conjurer)                Turns: 1417, Time: 00:02:04

Health: -4/16      AC:  2    Str:  7    XL:     2   Next: 87%
Magic:  6/6        EV: 12    Int: 18    God:
Gold:   32         SH:  0    Dex: 12    Spells: 4/5 levels left

rFire   . . .      SeeInvis .   (no weapon)
rCold   . . .      Faith    .   (no shield)
rNeg    . . .      Spirit   .   a - +0 robe
rPois   .          Reflect  .   (helmet restricted)
rElec   .          Harm     .   (no cloak)
rCorr   .          Rampage  .   (no gloves)
Will    .....                   (boots unavailable)
Stlth   ++........              (no amulet)
HPRegen 0.05/turn               (no ring)
MPRegen 0.10/turn               (no ring)

@: no status effects
A: beak, talons 3
a: no special abilities


You were on level 2 of the Dungeon.
You visited 1 branch of the dungeon, and saw 2 of its levels.

You collected 32 gold pieces.


Innate Abilities, Weirdness & Mutations

You have a beak for a mouth.
You have claws for feet.


   Skills:
 - Level 1.0 Fighting
 + Level 2.6 Dodging
 - Level 2.0 Stealth
 + Level 2.3 Spellcasting
 + Level 5.6 Conjurations


You had 4 spell levels left.
You knew the following spells:

 Your Spells              Type           Power      Damage    Failure   Level
m - Magic Dart            Conj           88%        1d7       1%          1

Your spell library contained the following spells:

 Spells                   Type           Power      Damage    Failure   Level
 Searing Ray              Conj           44%        2d6       2%          2
 Dazzling Flash           Conj/Hex       24%        N/A       17%         3
 Fulminant Prism          Conj/Hex       6%         3d7       50%         4
 Iskenderun's Mystic Bla  Conj/Tloc      12%        2d5       50%         4

Inventory:

Armour
 a - a +0 robe (worn)
Scrolls
 c - a scroll of enchant armour {unknown}
 e - a scroll of teleportation {@r2}
Potions
 b - a potion of magic

Dungeon Overview and Level Annotations

Branches:
Dungeon (2/15)

Altars:

Shops:
D:2

( ##########
#§§§§§§§§#
###§§§§§§§§#
#..§§§§§§§§#######
#..§§§§K§r@§§§§§§§
#..§§§§§wrbr§§§§§§
##§§§§§rJ§§§§§§§§
#§§§r§§§§§§§§§§§
#####§§§§§§§§§§§§§§§
#....§§§§§§§§§§§§§§§
#....§§§§§###§§§§§§§
#....§§§§§# §§§§§§§
#.........# ......


You could see a dart slug, an endoplasm, 2 quokkas, a bat, a kobold and 3 rats.


Message History

Found a stone staircase leading up.
The quokka misses you. The kobold hits you but does no damage.
The dart slug bites you but does no damage.
The quokka bites you but does no damage.
The rat bites you.
* * * LOW HITPOINT WARNING * * *
The bat hits you.
* * * LOW HITPOINT WARNING * * *
Unknown command.
The rat attacks as you move away! The rat closely misses you.
The bat barely misses you. The rat attacks as you move away!
The rat barely misses you. The bat attacks as you move away!
The bat misses you. The bat closely misses you. x2
The quokka attacks as you move away! The quokka bites you.
* * * LOW HITPOINT WARNING * * *
The bat barely misses you.
The rat twitches its whiskers.
Unknown command.
The quokka attacks as you move away! The quokka bites you.
* * * LOW HITPOINT WARNING * * *
The bat completely misses you. The quokka misses you.
The bat hits you but does no damage.
Okay, then.
Okay, then.
The air fills with toxic fumes!
As you read the scroll labelled SIZYUM ONYA, it crumbles to dust.
It was a scroll of poison.
The bat hits you but does no damage. The quokka bites you.
You die...

Skill      XL: |  1  2 |
---------------+-------+-----
Fighting       | 1 |  1.0
Dodging        | |  2.6
Stealth        | |  2.0
Spellcasting   | |  2.3
Conjurations   | |  5.6

Action                   || total
-------------------------++-------
 Cast: Magic Dart        ||    32
  Use: Scroll            ||     2
Armor: Robe              ||     6
Dodge: Dodged            ||    15

Levels and vault maps discovered:
D:1:      sevenhm_arrival_forest_fort_large_2, layout_loops_corners
D:2:      layout_basic, serial_shops, shop_scrolls, shop,
          nicolae_shop_hallway_plus, shop, nicolae_diamond_shop

Notes
Turn   | Place    | Note
-------+----------+-------------------------------------------
     0 | D:1      | quinnr the Tengu Conjurer began the quest for the Orb.
     0 | D:1      | Reached XP level 1. HP: 10/10 MP: 4/4
   308 | D:1      | Reached XP level 2. HP: 16/16 MP: 3/6
  1003 | D:1      | Reached skill level 1 in Fighting
  1409 | D:2      | Found Eblangud's Weapon Emporium.
  1416 | D:2      | HP: 1/16 [quokka (2)]
  1417 | D:2      | Slain by a quokka

Vanquished Creatures
  A dart slug (D:1)
  2 ball pythons (D:1)
  2 bats (D:1)
  3 endoplasms (D:1)
  A giant cockroach (D:1)
  A goblin (D:2)
  3 hobgoblins (D:1)
  2 kobolds (D:1)
  2 rats
17 creatures vanquished.

Table legend: (Time is in decaauts)
 A = Elapsed time spent in this place.
 B = Non-inter-level travel time spent in this place.
 C = Inter-level travel time spent in this place.
 D = Time resting spent in this place.
 E = Time spent auto-exploring this place.
 F = Levels seen in this place.
 G = Mean time per level.
                   A        B        C        D        E       F      G
               +--------+--------+--------+--------+--------+-----+--------+
         Total |   1416 |   1360 |     56 |      0 |   1242 |   2 |  708.0 |
       Dungeon |   1416 |   1360 |     56 |      0 |   1242 |   2 |  708.0 |
               +--------+--------+--------+--------+--------+-----+--------+

Top non-repeatable levels by time:
     D:1: 1321 daAuts
     D:2: 95 daAuts

Table legend:
 A = Non-vault XP
 B = Vault XP
 C = Vault XP percentage of total XP
 D = Non-vault monster count
 E = Vault monster count
 F = Vault count percentage of total count
                 A         B        C        D         E       F
            +---------+---------+-------+---------+---------+-------
      Total |      31 |       0 |   0.0 |      17 |       0 |   0.0
            +---------+---------+-------+---------+---------+-------
        D:1 |      28 |       0 |   0.0 |      15 |       0 |   0.0
        D:2 |       3 |       0 |   0.0 |       2 |       0 |   0.0
            +---------+---------+-------+---------+---------+-------
